 Dungeon Crawl Stone Soup version 0.30.1-4-g462c640d31 (webtiles) character file.

Game seed: 8572223018751768544

207 rvierbuc the Slasher (level 5, -8/40 HPs)
             Began as a Demonspawn Gladiator on Aug 21, 2023.
             Mangled by an ogre
             ... wielding a +0 giant club
              (14 damage)
             ... on level 4 of the Dungeon.
             The game lasted 00:09:36 (2434 turns).

rvierbuc the Slasher (Demonspawn Gladiator)         Turns: 2434, Time: 00:09:37

Health: -8/40      AC:  9    Str: 16    XL:     5   Next: 54%
Magic:  5/5        EV: 12    Int: 10    God:
Gold:   120        SH:  9    Dex: 14    Spells: 4/4 levels left

rFire   . . .        a - +0 long sword
rCold   . . .        u - +1 buckler {AC+3}
rNeg    . . .        b - +0 leather armour
rPois   .            c - +0 helmet
rElec   .            (no cloak)
rCorr   .            (no gloves)
SInv    .            (no boots)
Will    .....        (no amulet)
Stlth   +            (no ring)
HPRegen 0.26/turn    (no ring)
MPRegen 0.09/turn

%: no passive effects
@: no status effects
A: slimy green scales 1, condensation shield, demonic touch 2
a: no special abilities


You were on level 4 of the Dungeon.
You visited 1 branch of the dungeon, and saw 4 of its levels.

You collected 120 gold pieces.

Inventory:

Hand Weapons
 a - a +0 long sword (weapon)
 s - a +1 whip of holy wrath
Missiles
 d - 3 throwing nets (quivered)
 e - a javelin
 i - 2 poisoned darts
 t - 6 boomerangs
Armour
 b - a +0 leather armour (worn)
 c - a +0 helmet (worn)
 u - a +1 buckler of protection (worn)
Wands
 o - a wand of polymorph (4)
Scrolls
 f - 2 scrolls of teleportation {unknown}
 g - a scroll of identify {unknown}
 h - a scroll of noise {unknown}
 n - 3 scrolls of vulnerability {unknown}
 p - a scroll of torment {unknown}
 w - a scroll of fear {unknown}
 x - a scroll of enchant armour {unknown}
Potions
 j - a potion of invisibility {unknown}
 k - a potion of magic {unknown}
 l - 3 potions of haste {unknown}
 m - 3 potions of heal wounds {unknown}
 q - a potion of flight {unknown}
 r - 2 potions of cancellation {unknown}
 v - a potion of curing {unknown}


   Skills:
 * Level 2.8 Fighting
 + Level 4.4 Long Blades
 + Level 1.9 Throwing
 + Level 1.5 Armour
 + Level 3.1 Dodging
 + Level 0.2 Stealth
 + Level 1.0 Shields


You had 4 spell levels left.
You didn't know any spells.
Your spell library contained the following spells:

 Spells                   Type           Power      Damage    Failure   Level
 Gell's Gravitas          Tloc           0%         N/A       88%         3
 Teleport Other           Tloc           0%         N/A       88%         3
 Volatile Blastmotes      Fire/Tloc      0%         2d10      88%         3
 Summon Forest            Summ/Tloc      0%         N/A       100%        5
 Dispersal                Tloc           0%         N/A       100%        6
 Disjunction              Tloc           0%         N/A       100%        8


Dungeon Overview and Level Annotations

Branches:
Dungeon (4/15)
 Temple: D:4-7

Altars:

Shops:
D:1 :   D:4 [


Innate Abilities, Weirdness & Mutations

You are partially covered in slimy green scales. (AC +2)
A meltable shield of frost defends you. (SH +4)
Your touch may inflict irresistible damage on your foes.


Message History

The adder bites you.
You are poisoned.
The adder poisons you!
You climb upwards.
You feel very sick.
There is a stone staircase leading down here.
You completely miss the adder.
You feel sick. You block the adder's attack. The adder barely misses you.
You slash the adder!
The adder is severely wounded.
You feel sick. The adder closely misses you.
The adder bites you but does no damage.
You hit the adder.
You kill the adder!
You feel sick.
You feel sick.
You are no longer poisoned.
You see here a +0 whip.
You start resting.
HP restored.
There is a stone staircase leading down here.
Okay, then.
You climb downwards.
The ogre misses you.
There is a stone staircase leading up here.
You hit the ogre.
The ogre is moderately wounded.
The ogre hits you with a +0 giant club!!
Ouch! That really hurt!
* * * LOW HITPOINT WARNING * * *
You hit the ogre.
The ogre is heavily wounded.
You block the ogre's attack.
Okay, then.
You don't know any spells.
Okay, then.
Okay, then.
You hit the ogre.
The ogre is severely wounded.
The ogre hits you with a +0 giant club!
You die...

###..###........###.#
.#.#..>...............
.......##.............
##.#.........[...... .##
#.............##.... ....
##...##.............
...##.###...........#.#
..##.#.O####............#
##......@...............#
........................
.......8.8.........#..#
........∩..........#..#..
.......8.8.........<.....
......##.................
......##...........#.....
.#................##...##
#.<................####


You could see an ogre.

Vanquished Creatures
  A phantom (D:3)
  An iguana (D:4)
  4 adders
  3 worms (D:2)
  2 orcs
  4 ball pythons
  4 endoplasms
  5 giant cockroaches
  8 goblins
  5 hobgoblins
  4 jackals (D:1)
  5 kobolds
  2 quokkas
  3 bats
  A frilled lizard (D:3)
  3 rats
55 creatures vanquished.

Notes
Turn   | Place    | Note
-------+----------+-------------------------------------------
     0 | D:1      | rvierbuc the Demonspawn Gladiator began the quest for the
                  | Orb.
     0 | D:1      | Reached XP level 1. HP: 16/16 MP: 1/1
    57 | D:1      | Reached skill level 3 in Long Blades
    60 | D:1      | Gained mutation: A meltable shield of frost defends you.
                  | (SH +4) [demonic ancestry]
    60 | D:1      | Reached XP level 2. HP: 3/22 MP: 2/2
   849 | D:1      | Found Ecoqikuta's Book Shop.
   999 | D:2      | Gained mutation: Your touch may inflict minor irresistible
                  | damage on your foes. [demonic ancestry]
   999 | D:2      | Reached XP level 3. HP: 17/28 MP: 3/3
  1289 | D:2      | Found a faded altar of an unknown god.
  1566 | D:3      | Noticed a phantom
  1579 | D:3      | Killed a phantom
  1580 | D:3      | Reached skill level 4 in Long Blades
  1580 | D:3      | Reached skill level 1 in Armour
  1580 | D:3      | Gained mutation: Your touch may inflict irresistible damage
                  | on your foes. [demonic ancestry]
  1580 | D:3      | Reached XP level 4. HP: 30/34 MP: 4/4
  1638 | D:3      | Gained mutation: You are partially covered in slimy green
                  | scales. (AC +2) [demonic ancestry]
  1638 | D:3      | Reached XP level 5. HP: 40/40 MP: 5/5
  2232 | D:4      | Found Vanugganwo's Armour Shop.
  2258 | D:4      | Got Geoguiz's Catalogue of the Compass
  2285 | D:4      | Reached skill level 1 in Shields
  2365 | D:4      | Noticed an ogre
  2434 | D:4      | Mangled by an ogre

Illustrated notes

Levels and vault maps discovered:
D:1:      elethiomel_arrival_shortcut, layout_basic, serial_shops,
          nicolae_shop_real_fake_doors, serial_forest,
          infiniplex_forest_clump_diagonal, infiniplex_forest_clump_small,
          infiniplex_forest_clump_diagonal, infiniplex_forest_corner_1,
          infiniplex_forest_end_double, infiniplex_forest_corner_1,
          infiniplex_forest_clump_diagonal, infiniplex_forest_corner_2,
          hex_large
D:2:      layout_rooms, hellmonk_ecumenical_altar_inner_sanctum
D:3:      layout_loops_cross
D:4:      layout_cave_pools, chequers_temple_overflow_statue_of_worship,
          amcnicky_altar_gilded, serial_shops, nicolae_shop_tiny_statue_garden,
          chequers_hall_statues_corner_a

Skill      XL: |  1  2  3  4  5 |
---------------+----------------+-----
Long Blades    | 3 4 |  4.4
Dodging        | 3 |  3.1
Armour         | 1 |  1.5
Shields        | 1 |  1.0
Fighting       | |  2.8
Throwing       | |  1.9
Stealth        | |  0.2

Action                     |  1- 3 |  4- 6 || total
---------------------------+-------+-------++-------
  Melee: Long sword        |    94 |    65 ||   159
         Touch             |     8 |     1 ||     9
 Armour: Leather armour    |    31 |    16 ||    47
  Dodge: Dodged            |    59 |    42 ||   101
  Block: Other             |    15 |     4 ||    19
         Buckler           |       |    28 ||    28
